 Dungeon Crawl Stone Soup version 0.28-a0-655-g4eb62b627b (webtiles) character file.

Game seed: 1427753212368562352

471 avis the Insei (level 7, -1/48 HPs)
             Began as an Octopode Transmuter on Oct 12, 2021.
             Slain by an iguana (11 damage)
             ... on level 3 of the Dungeon.
             The game lasted 00:21:02 (4762 turns).

avis the Insei (Octopode Transmuter)                Turns: 4762, Time: 00:21:02

Health: -1/48      AC:  2    Str: 11    XL:     7   Next: 9%
Magic:  8/10       EV: 19    Int: 16    God:
Gold:   79         SH:  0    Dex: 17    Spells: 6/10 levels left

rFire   . . .      SeeInvis .     - Unarmed
rCold   . . .      Faith    .   (shield currently unavailable)
rNeg    . . .      Spirit   .   (helmet currently unavailable)
rPois   x          Reflect  .   (no amulet)
rElec   .          Harm     .   (no ring)
rCorr   .          Rampage  .   (no ring)
Will    .....                   (no ring)
Stlth   ++........              (no ring)
HPRegen 0.16/turn               (no ring)
MPRegen 0.12/turn               (no ring)
                                (no ring)
                                (no ring)

@: spider-form (expiring)
A: venomous fangs, almost no armour, (amphibious), 8 rings, tiny, (camouflage
1), (gelatinous body 1), (nimble swimmer 1), (tentacles)
a: End Transformation


You were on level 3 of the Dungeon.
You were a venomous arachnid creature.
You visited 1 branch of the dungeon, and saw 4 of its levels.

You collected 79 gold pieces.

Inventory:

Hand Weapons
 b - a +0 hunting sling
 x - a +4 quarterstaff of chaos
Missiles
 c - 23 bolts
 d - 14 poisoned darts
 e - 20 sling bullets
 j - 4 curare-tipped darts
 k - 3 atropa-tipped darts
 m - 18 arrows
 o - 37 stones
Wands
 t - a wand of mindburst (11)
 v - a wand of polymorph (7)
Scrolls
 a - a scroll of noise {unknown}
 g - 3 scrolls of enchant armour {unknown}
 h - 2 scrolls of teleportation {unknown}
 i - a scroll of fear {unknown}
 n - 2 scrolls of identify {unknown}
 p - a scroll of enchant weapon {unknown}
 q - a scroll of holy word {unknown}
 r - a scroll of fog {unknown}
 s - a scroll of amnesia {unknown}
 u - a scroll of vulnerability {unknown}
Potions
 f - 5 potions of curing
 l - a potion of berserk rage {unknown}
 w - a potion of flight {unknown}


   Skills:
 - Level 4.0 Fighting
 - Level 2.0 Dodging
 - Level 2.0 Stealth
 - Level 6.0 Unarmed Combat
 - Level 2.0 Spellcasting
 * Level 3.1 Transmutations


You had 6 spell levels left.
You knew the following spells:

 Your Spells              Type           Power      Damage    Failure   Level
a - Beastly Appendage     Tmut           22%        N/A       17%         1
p - Spider Form           Tmut/Pois      3%         N/A       54%         3

Your spell library contained the following spells:

 Spells                   Type           Power      Damage    Failure   Level
 Wereblood                Tmut           11%        N/A       22%         2
 Animate Skeleton         Necr           2%         N/A       41%         1
 Apportation              Tloc           2%         N/A       41%         1
 Summon Small Mammal      Summ           4%         N/A       41%         1
 Ice Form                 Ice/Tmut       6%         N/A       88%         4


Dungeon Overview and Level Annotations

Branches:
Dungeon (4/15)
 Temple: D:4-7

Altars:


Innate Abilities, Weirdness & Mutations

You are a venomous arachnid creature.
You have poisonous fangs.
You are tiny and dextrous.
Your spellcasting is less reliable in this form.
Your armour is entirely melded.
You are incapable of wielding weapons or throwing items.
You cannot wear most types of armour.
((You are amphibious.))
You can wear up to eight rings at the same time.
((Your skin changes colour to match your surroundings (Stealth+).))
((Your rubbery body absorbs attacks. (AC +1, EV +1)))
((You are camouflaged near water. (Stealth+)))
((You have tentacles for arms and can constrict up to eight enemies at once.))


Message History

There is a stone staircase leading up here.
The hound closely misses you. The iguana bites you.
The goblin hits you with a +0 dagger. The hound completely misses you.
You climb upwards.
There is a stone staircase leading down here.
You bite the hound!
The hound is poisoned.
The hound is moderately wounded.
The goblin barely misses you. The iguana bites you!
The hound closely misses you.
You hit the hound but do no damage.
The hound is heavily wounded.
The goblin closely misses you. The hound bites you. The iguana misses you.
You closely miss the hound.
The hound is heavily wounded.
Your transformation is almost over.
The hound barely misses you. The goblin hits you but does no damage.
The iguana misses you. The hound bites you but does no damage.
You bite the hound!
You kill the hound!
The goblin hits you but does no damage. The iguana misses you.
Training target 4.0 for Fighting reached!
Your Fighting skill increases to level 4!
You need to enable at least one skill for training.
Things that are here:
a +0 club; a goblin corpse You hit the goblin.
The goblin is poisoned.
The goblin is moderately wounded.
The goblin hits you but does no damage.
You hit the goblin.
You kill the goblin!
You hit the iguana but do no damage.
The iguana is poisoned.
The iguana bites you.
You hit the iguana.
The iguana looks as sick as possible!
The iguana is heavily wounded.
The iguana bites you!
* * * LOW HITPOINT WARNING * * *
You hit the iguana but do no damage.
The iguana looks as sick as possible!
The iguana is almost dead.
The iguana bites you!
You die...

#### #.# ############ ### #.#
##### .......)...####.#
#.####...#
#.##########....######........#
##......>...........#######...#
........####.######.# ##.##
.#.#.#..# #.# #.########.####
.......##
#.######.............. .#.#.#.#
#.##.s............#### .......#
#.##l###..##..###.# # .#.#.#.#
#.#.......##..# #.# # .......#
#.#..###.###..###.# # ..######
#.#..# #..........# # .##
#.#..# #####..###.# # .# #.#..#
#..# #.# # .# #.#..# #..#
#.#### .# #.#..#######..#
#.....


You could see an iguana (extremely poisoned).

Vanquished Creatures
  Grinder (D:3)
  A scorpion (D:3)
  A hound (D:3)
  Crazy Yiuf (D:3)
  Natasha (thrice) (D:3)
  Ijyb (D:3)
  An adder (D:2)
  A worm (D:2)
  2 dart slugs (D:2)
  An orc (D:3)
  4 ball pythons
  4 endoplasms
  8 goblins
  8 hobgoblins
  3 kobolds
  3 quokkas
  5 bats
  A frilled lizard (D:2)
  3 rats
52 creatures vanquished.

Notes
Turn   | Place    | Note
-------+----------+-------------------------------------------
     0 | D:1      | avis the Octopode Transmuter began the quest for the Orb.
     0 | D:1      | Reached XP level 1. HP: 13/13 MP: 3/3
    19 | D:1      | Reached skill level 1 in Stealth
    38 | D:1      | Reached XP level 2. HP: 8/18 MP: 1/5
  1109 | D:2      | Reached XP level 3. HP: 23/23 MP: 4/6
  1113 | D:2      | Learned a level 3 spell: Spider Form
  1825 | D:2      | Reached skill level 4 in Unarmed Combat
  2645 | D:3      | Noticed Natasha
  2646 | D:3      | Noticed Ijyb
  2651 | D:3      | Killed Natasha
  2652 | D:3      | Reached XP level 4. HP: 14/29 MP: 4/7
  2676 | D:2      | HP: 1/29 [poisoned by miscasting Spider Form]
  3230 | D:3      | Paralysed by Ijyb for 7 turns
  3243 | D:3      | Killed Ijyb
  3512 | D:3      | Noticed Natasha
  3695 | D:3      | Killed Natasha
  3696 | D:3      | Reached skill level 5 in Unarmed Combat
  3696 | D:3      | Reached XP level 5. HP: 29/34 MP: 6/8
  4023 | D:3      | Noticed Natasha
  4030 | D:3      | Killed Natasha
  4154 | D:3      | Noticed Grinder
  4230 | D:3      | Killed Grinder
  4231 | D:3      | Reached skill level 6 in Unarmed Combat
  4231 | D:3      | Reached XP level 6. HP: 42/42 MP: 6/9
  4346 | D:3      | Found a runed translucent door.
  4347 | D:3      | Noticed Crazy Yiuf
  4508 | D:3      | Killed Crazy Yiuf
  4509 | D:3      | Reached XP level 7. HP: 47/47 MP: 6/10
  4762 | D:3      | Slain by an iguana

Illustrated notes

Levels and vault maps discovered:
D:1:      minmay_arrival_shoal_huts, layout_loops_ring
D:2:      layout_loops_ring
D:3:      layout_loops_ring, serial_glass, glass_columns_a, glass_columns_a,
          glass_columns_a, glass_columns_a, glass_columns_b, uniq_ijyb,
          uniq_crazy_yiuf_cottage, uniq_grinder, uniq_natasha
D:4:      layout_basic, nicolae_yredelemnul_corpse_copse, marbit_many_paths,
          uniq_menkaure

Skill      XL: |  1  2  3  4  5  6  7 |
---------------+----------------------+-----
Stealth        | 2 |  2.0
Unarmed Combat | 4 5 6 |  6.0
Fighting       | 2 3 4 |  4.0
Transmutations | 3 |  3.1
Dodging        | |  2.0
Spellcasting   | |  2.0

Action                   |  1- 3 |  4- 6 |  7- 9 || total
-------------------------+-------+-------+-------++-------
Melee: Unarmed           |    73 |    39 |    14 ||   126
       Kick              |     9 |     2 |       ||    11
       Constrict         |    11 |     3 |       ||    14
       Tentacles         |    12 |     3 |       ||    15
 Cast: Beastly Appendage |    20 |     4 |       ||    24
       Spider Form       |    10 |     9 |     4 ||    23
  Use: Potion            |       |     1 |       ||     1
 Stab: Sleeping          |     5 |       |       ||     5
Armor: Skin              |     7 |     3 |     5 ||    15
Dodge: Dodged            |    42 |    28 |    15 ||    85

Table legend: (Time is in decaauts)
 A = Elapsed time spent in this place.
 B = Non-inter-level travel time spent in this place.
 C = Inter-level travel time spent in this place.
 D = Time resting spent in this place.
 E = Time spent auto-exploring this place.
 F = Levels seen in this place.
 G = Mean time per level.
                   A        B        C        D        E       F      G
               +--------+--------+--------+--------+--------+-----+--------+
         Total |   4764 |   4344 |    420 |   1870 |   1394 |   4 | 1191.0 |
       Dungeon |   4764 |   4344 |    420 |   1870 |   1394 |   4 | 1191.0 |
               +--------+--------+--------+--------+--------+-----+--------+

Top non-repeatable levels by time:
     D:2: 2183 daAuts
     D:1: 1359 daAuts
     D:3: 1192 daAuts
     D:4: 28 daAuts
